 Dungeon Crawl Stone Soup version 0.27.1-1-g398f81649c (webtiles) character file.

Game seed: 16093121165239036931

2 Atelerd the Digger (level 1, -7/11 HPs)
             Began as an Octopode Earth Elementalist on Sept 21, 2021.
             Mangled by a gnoll (9 damage)
             ... on level 1 of the Dungeon.
             The game lasted 00:00:14 (75 turns).

Atelerd the Digger (Octopode Earth Elementalist)      Turns: 75, Time: 00:00:14

Health: -7/11      AC:  1    Str:  7    XL:     1   Next: 40%
Magic:  1/3        EV: 13    Int: 17    God:
Gold:   0          SH:  0    Dex: 12    Spells: 3/4 levels left

rFire    . . .     SeeInvis .   a - +0 short sword
rCold    . . .     Faith    .   (no shield)
rNeg     . . .     Spirit   .   (helmet restricted)
rPois    .         Reflect  .   (no amulet)
rElec    .         Harm     .   (no ring)
rCorr    .         Rampage  .   (no ring)
Will     .....                  (no ring)
Stlth    +++.......             (no ring)
HPRegen  0.03/turn              (no ring)
MPRegen  0.08/turn              (no ring)
                                (no ring)
                                (no ring)

@: no status effects
A: almost no armour, amphibious, 8 rings, camouflage 1, gelatinous body 1,
(nimble swimmer 1), tentacles
a: no special abilities


You were on level 1 of the Dungeon.
You visited 1 branch of the dungeon, and saw 1 of its levels.

Inventory:

Hand Weapons
 a - a +0 short sword (weapon)
Missiles
 b - 25 stones
Potions
 c - a potion of flight {unknown}


   Skills:
 - Level 2.0 Dodging
 + Level 2.7 Stealth
 + Level 2.0 Spellcasting
 * Level 1.1 Transmutations
 * Level 3.0 Earth Magic


You had 3 spell levels left.
You knew the following spells:

 Your Spells              Type           Power      Damage    Failure   Level
a - Sandblast             Erth           24%        2d8       5%          1

Your spell library contained the following spells:

 Spells                   Type           Power      Damage    Failure   Level
 Passwall                 Tmut/Erth      6%         N/A       12%         2
 Stone Arrow              Conj/Erth      12%        3d7       30%         3
 Petrify                  Tmut/Erth      8%         N/A       63%         4


Dungeon Overview and Level Annotations

Branches:
Dungeon (1/15)

Altars:


Innate Abilities, Weirdness & Mutations

You cannot wear most types of armour.
You are amphibious.
You can wear up to eight rings at the same time.
Your skin changes colour to match your surroundings (Stealth+).
Your rubbery body absorbs attacks. (AC +1, EV +1)
((You are camouflaged near water. (Stealth+)))
You have tentacles for arms and can constrict up to eight enemies at once.


Message History

A rat is nearby!
You can't see any susceptible monsters within range! (Use Z to cast anyway.)
A rat is nearby!
You can't see any susceptible monsters within range! (Use Z to cast anyway.)
Found 11 gold pieces.
The blast of sand hits the rat.
You kill the rat!
A gnoll comes into view.
It is wielding a +1 flail of protection.
The gnoll shouts!
You can't see any susceptible monsters within range! (Use Z to cast anyway.)
A gnoll is nearby!
A rat comes into view.
There are monsters nearby!
The blast of sand misses the gnoll.
The gnoll hits you with a +1 flail of protection!
Ouch! That really hurt!
* * * LOW HITPOINT WARNING * * *
You are too injured to fight recklessly!
You are too injured to fight recklessly!
There are monsters nearby!
You are too injured to fight recklessly!
There are monsters nearby!
You are too injured to fight recklessly!
You are too injured to fight recklessly!
You are too injured to fight recklessly!
There are monsters nearby!
You are too injured to fight recklessly!
You are too injured to fight recklessly!
There are monsters nearby!
Unknown command.
Casting: Sandblast (safe; 5% risk of failure)
Confirm with . or Enter, or press ? or * to list all spells.
Aiming: Sandblast (safe; 5% risk of failure)
Press: ? - help, Shift-Dir - straight line, f/p - gnoll
Aim: a gnoll, wielding a +1 flail of protection (82% to hit)
The blast of sand hits the gnoll!
The gnoll is severely wounded.
The gnoll hits you with a +1 flail of protection!
Ouch! That really hurt!
You die...

........#..######
#.......## ###....##
### #..### ..
##.#### #.## #†...#
.r# #..#..... #g#
##.# #### #@# #.##
###.######..#
#$.......##.#######
#........##.......##
#.....†.............
##################..


You could see a gnoll and a rat.

Vanquished Creatures
  A ball python (D:1)
  A frilled lizard (D:1)
  A rat (D:1)
3 creatures vanquished.

Notes
Turn   | Place    | Note
-------+----------+-------------------------------------------
     0 | D:1      | Atelerd the Octopode Earth Elementalist began the quest for
                  | the Orb.
     0 | D:1      | Reached XP level 1. HP: 11/11 MP: 3/3
    75 | D:1      | Mangled by a gnoll

Illustrated notes

Levels and vault maps discovered:
D:1:      psy_arrival_dodecagon, layout_rooms,
          hellmonk_ecumenical_altar_heavens_door

Action                   || total
-------------------------++-------
 Cast: Sandblast         ||     5
